 Dungeon Crawl Stone Soup version 0.28.0-53-g5a82cb258f (webtiles) character file.

Game seed: 8936886031517742791

171 Tirrikindir the Shield-Bearer (level 5, -1/36 HPs)
             Began as an Octopode Fighter on Aug 16, 2022.
             Killed from afar by an orc wizard (8 damage)
             ... with a puff of flame
             ... on level 3 of the Dungeon.
             The game lasted 00:06:49 (2699 turns).

Tirrikindir the Shield-Bearer (Octopode Fighter)    Turns: 2699, Time: 00:06:50

Health: -1/36      AC:  1    Str: 15    XL:     5   Next: 51%
Magic:  5/5        EV: 13    Int: 11    God:
Gold:   80         SH:  5    Dex: 13    Spells: 4/4 levels left

rFire   . . .      SeeInvis .   a - +0 long sword
rCold   . . .      Faith    .   b - +0 buckler
rNeg    . . .      Spirit   .   (helmet restricted)
rPois   .          Reflect  .   g - amulet of regeneration
rElec   .          Harm     .   (no ring)
rCorr   .          Rampage  .   (no ring)
Will    .....                   (no ring)
Stlth   +++.......              (no ring)
HPRegen 0.92/turn               (no ring)
MPRegen 0.09/turn               (no ring)
                                (no ring)
                                (no ring)

@: mighty
A: almost no armour, amphibious, 8 rings, camouflage 1, gelatinous body 1,
(nimble swimmer 1), tentacles
a: no special abilities


You were on level 3 of the Dungeon.
You visited 1 branch of the dungeon, and saw 3 of its levels.

You collected 80 gold pieces.

Inventory:

Hand Weapons
 a - a +0 long sword (weapon)
Armour
 b - a +0 buckler (worn)
Jewellery
 g - an amulet of regeneration (around mantle)
Scrolls
 d - 4 scrolls of teleportation
 e - a scroll of identify
 f - a scroll of holy word {unknown}


   Skills:
 + Level 3.6 Fighting
 * Level 3.5 Long Blades
 + Level 3.6 Dodging
 + Level 2.8 Stealth
 + Level 3.6 Shields


You had 4 spell levels left.
You didn't know any spells.
Your spell library contained the following spells:

 Spells                   Type           Power      Damage    Failure   Level
 Corpse Rot               Necr/Air       0%         N/A       56%         2
 Poisonous Vapours        Pois/Air       0%         N/A       56%         2


Dungeon Overview and Level Annotations

Branches:
Dungeon (3/15)

Altars:

Shops:
D:1 *

Annotations:
D:3 Grinder


Innate Abilities, Weirdness & Mutations

You cannot wear most types of armour.
You are amphibious.
You can wear up to eight rings at the same time.
Your skin changes colour to match your surroundings (Stealth+).
Your rubbery body absorbs attacks. (AC +1, EV +1)
((You are camouflaged when in or above water. (Stealth+)))
You have tentacles for arms and can constrict up to eight enemies at once.


Message History

Deactivating autopickup; reactivate with Ctrl-A.
The orc barely misses you. The orc hits you with a +0 dagger.
You closely miss the orc. Your grab misses the orc.
Your squeeze misses the orc. The orc barely misses you.
You hit the orc. You grab the orc.
The orc is almost dead.
You constrict the orc.
You kill the orc!
You hit the orc priest but do no damage.
You grab the orc priest. You squeeze the orc priest!
The orc priest is almost dead.
You constrict the orc priest.
You kill the orc priest!
You miss something.
You hear some strange, mumbled words.
A magic dart appears from out of thin air!
The magic dart hits you.
You hear some strange, mumbled words.
A puff of flame appears from out of thin air!
The puff of flame hits you!
You barely miss something.
Your tentacle-slap misses something.
Something hits you.
You hit something. Something hits you.
You barely miss something. Something hits you. x2
You slash something!
You hear some strange, mumbled words.
A magic dart appears from out of thin air!
The magic dart hits you!
* * * LOW HITPOINT WARNING * * *
You feel very mighty all of a sudden. Something hits you but does no damage.
You closely miss something.
You hear some strange, mumbled words.
Something tries to affect you, but you resist.
You miss something. Something hits you.
* * * LOW HITPOINT WARNING * * *
You hear some strange, mumbled words.
A puff of flame appears from out of thin air!
The puff of flame hits you!
You die...

### #.# #.. #.#
#.# #{# #@# ##
#.# ?. #.# .#
#######.##.#
#........#.#
#..........#####.
#...............b
#.........#.####
#.........#.#


There were no monsters in sight!

Vanquished Creatures
  A scorpion (D:2)
  An orc priest (D:3)
  An adder (D:2)
  2 worms (D:2)
  3 dart slugs
  2 orcs (D:3)
  2 bats (D:1)
  10 endoplasms
  4 giant cockroaches (D:1)
  5 goblins
  5 hobgoblins
  2 quokkas
  3 ball pythons (D:1)
  4 frilled lizards
  8 kobolds
  6 rats
59 creatures vanquished.

Vanquished Creatures (others)
  6 plants (D:1)
6 creatures vanquished.

Grand Total: 65 creatures vanquished

Notes
Turn   | Place    | Note
-------+----------+-------------------------------------------
     0 | D:1      | Tirrikindir the Octopode Fighter began the quest for the
                  | Orb.
     0 | D:1      | Reached XP level 1. HP: 16/16 MP: 1/1
     6 | D:1      | Noticed a hog
     6 | D:1      | Noticed a snapping turtle
     6 | D:1      | Noticed a polar bear
     7 | D:1      | Noticed a swamp worm
     7 | D:1      | Noticed a swamp drake
   282 | D:1      | Reached XP level 2. HP: 19/21 MP: 2/2
   297 | D:1      | Reached skill level 1 in Stealth
   628 | D:1      | Found Tehituh's General Store.
   894 | D:1      | Reached XP level 3. HP: 21/26 MP: 3/3
  1714 | D:2      | Reached XP level 4. HP: 8/31 MP: 4/4
  2611 | D:3      | Noticed a scorpion
  2616 | D:3      | Noticed Grinder
  2643 | D:2      | Killed a scorpion
  2644 | D:2      | Reached XP level 5. HP: 13/36 MP: 5/5
  2699 | D:3      | Killed from afar by an orc wizard

Illustrated notes

Levels and vault maps discovered:
D:1:      onia_arrival_zoo_common, layout_basic, serial_forest,
          infiniplex_forest_lined_2, infiniplex_forest_clump_long,
          infiniplex_forest_lined_ring, infiniplex_forest_lined_ring,
          serial_shops, nicolae_shop_statue_plus, minmay_misc_feat_x,
          grunt_decor_junction, hex_intersection, st_stairs_12, minmay_tripent
D:2:      layout_basic
D:3:      layout_basic, mainiacjoe_overflow_chevrons, uniq_grinder

Skill      XL: |  1  2  3  4 |
---------------+-------------+-----
Stealth        | 1 2 |  2.8
Long Blades    | 3 |  3.5
Fighting       | |  3.6
Dodging        | |  3.6
Shields        | |  3.6

Action                   |  1- 3 |  4- 6 || total
-------------------------+-------+-------++-------
Melee: Long sword        |    75 |    41 ||   116
       Constrict         |    21 |     8 ||    29
       Tentacles         |    13 |     4 ||    17
       Punch             |     1 |       ||     1
  Use: Scroll            |     1 |     1 ||     2
       Potion            |       |     2 ||     2
 Stab: Sleeping          |    13 |     5 ||    18
Armor: Skin              |     4 |     2 ||     6
Dodge: Dodged            |    37 |    13 ||    50
Block: Buckler           |     7 |     8 ||    15
